Map: [G8] Ancient Cistern

Players

Cure - Winner!

  • Race: Terran Terran
  • Spawn Location: 7:00

Classic

  • Race: Protoss Protoss
  • Spawn Location: 1:00

Event: Gamers8 2023

VOD

Have the link to the VOD?

Description

Time

  • Played on: Aug. 5, 2023, 2:42 p.m.
  • Length: 28:46

All games in this series

Show
View Real Time Build Order
Export as new Build Order

Cure Terran - Winner!

Build Orders:  

Get SALT Encoding   

  12  0:00  SCV  
  13  0:12  SCV  
  14  0:17  Supply Depot  
  14  0:24  SCV  
  15  0:39  SCV  
  15  0:40  Barracks  
  16  0:46  Refinery  
  16  0:51  SCV  
  16  0:56  Refinery  
  17  1:03  SCV  
  18  1:15  SCV  
  19  1:26  Reaper  
  19  1:27  Orbital Command  
  20  1:36  Engineering Bay  
  20  1:50  Factory  
  20  1:52  Supply Depot  
  20  1:55  SCV  
  20  1:58  Reaper  
  22  2:07  SCV  
  23  2:21  SCV  
  24  2:25  Command Center  
  24  2:33  SCV  
  25  2:38  Widow Mine  
  25  2:41  Starport  
  27  2:47  SCV  
  27  2:50  Supply Depot  
  28  2:59  Widow Mine, SCV  
  31  3:12  SCV  
  31  3:19  Medivac  
  32  3:20  Barracks  
  32  3:23  Bunker  
  32  3:24  Widow Mine  
  34  3:27  SCV  
  35  3:37  Orbital Command  
  35  3:39  SCV  
  36  3:45  Factory Tech Lab  
  36  3:53  Starport Tech Lab  
  36  3:54  SCV  
  37  4:01  Marine  
  38  4:05  Siege Tank  
  38  4:08  Marine  
  42  4:10  Barracks  
  42  4:12  Supply Depot  
  42  4:16  Raven  
  44  4:19  Marine  
  45  4:25  SCV x2  
  45  4:28  Barracks Reactor  
  47  4:39  Siege Tank  
  47  4:40  Marine  
  47  4:43  SCV x2  
  53  4:55  SCV x2, Supply Depot  
  53  4:58  Marine  
  56  5:02  Marine, Stimpack  
  56  5:04  Marine  
  56  5:05  Marine  
  59  5:09  Engineering Bay, Supply Depot  
  59  5:14  SCV x2  
  59  5:26  SCV  
  60  5:29  Marine x3  
  60  5:33  Marine, Combat Shield  
  64  5:35  Starport Reactor  
  64  5:36  Factory Reactor  
  64  5:40  SCV  
  62  5:49  Marauder, Marine x2  
  60  5:51  Marauder  
  60  5:52  SCV  
  62  5:58  Supply Depot  
  62  6:04  SCV  
  62  6:11  Marauder, Marine x2  
  67  6:13  Marauder, Orbital Command  
  67  6:15  Medivac  
  71  6:22  SCV  
  71  6:25  Supply Depot  
  72  6:35  SCV  
  72  6:38  Marauder x2  
  77  6:40  Marine  
  77  6:41  Marine  
  77  6:46  Refinery  
  79  6:48  Supply Depot  
  79  6:49  Refinery  
  79  6:51  Medivac  
  81  6:55  Widow Mine x2, SCV x2  
  87  7:03  Marine x2  
  87  7:04  Marauder x2  
  86  7:15  SCV x2  
  84  7:21  Marine x2  
  84  7:23  Medivac  
  84  7:25  Marauder x2  
  89  7:33  Widow Mine  
  89  7:37  Command Center  
  89  7:39  Marine  
  89  7:42  Concussive Shells  
  89  7:43  Widow Mine  
  92  7:46  Marauder  
  92  7:47  Marauder, Barracks  
  92  7:48  Barracks  
  92  7:49  SCV x2  
  98  7:54  Marine  
  98  7:57  Marine  
  100  8:00  Widow Mine  
  102  8:06  Medivac  
  102  8:08  Supply Depot  
  102  8:10  Supply Depot  
  102  8:20  Marine x2  
  102  8:21  Marauder, Widow Mine, SCV x2  
  110  8:30  Medivac, Marauder, Widow Mine  
  110  8:33  SCV x2  
  110  8:34  Supply Depot  
  112  8:42  Marauder, Marine x2  
  112  8:43  Barracks Tech Lab  
  112  8:44  Barracks Reactor  
  112  8:45  SCV x2  
  112  8:47  Terran Infantry Armor Level 1  
  117  8:49  Orbital Command  
  117  8:52  Marauder  
  118  9:01  Medivac x2, Widow Mine x2  
  116  9:03  Marine  
  116  9:04  Marauder  
  116  9:07  SCV x2  
  121  9:12  Orbital Command  
  121  9:16  Marauder x2, Marine  
  126  9:20  Marine  
  126  9:23  SCV x2  
  129  9:32  Medivac, Widow Mine x2  
  137  9:42  Marauder x2  
  139  9:47  Supply Depot x2  
  139  9:50  Marauder, Marine x2  
  139  9:52  Marine  
  143  9:54  Marine  
  143  10:02  Marine  
  143  10:05  Widow Mine x2  
  143  10:06  Medivac x2  
  146  10:16  SCV x3  
  146  10:19  Ghost Academy  
  149  10:22  Refinery  
  149  10:23  Refinery  
  149  10:27  Marauder x3  
  155  10:29  Marine x4  
  152  10:36  Medivac x2, Widow Mine x2  
  137  10:50  Marine x4  
  137  10:51  Ghost  
  137  10:53  SCV x2  
  137  10:55  SCV  
  144  10:57  Widow Mine x2  
  148  11:04  Ghost x2  
  148  11:05  Missile Turret  
  150  11:13  Marine x4  
  150  11:17  Armory  
  150  11:18  Engineering Bay  
  128  11:29  Viking x2  
  128  11:30  Widow Mine x2  
  133  11:35  Marauder x2, Marine x2  
  133  11:36  Marauder, Marine  
  142  11:41  Marine  
  143  11:49  Command Center  
  143  11:54  Widow Mine x2  
  147  11:59  Medivac x2  
  151  12:03  Marauder x3, Marine x2  
  159  12:09  Terran Infantry Armor Level 2  
  159  12:10  Terran Infantry Weapons Level 1  
  159  12:18  Widow Mine x2  
  159  12:22  Supply Depot x2  
  163  12:24  Marauder, Supply Depot x2  
  165  12:38  Marauder  
  165  12:40  Marine  
  165  12:41  Marine  
  165  12:43  Marine x2  
  167  12:44  Marauder  
  167  12:46  Marauder  
  168  12:56  Viking x2  
  168  12:58  Marine  
  169  12:59  Marine, Ghost  
  169  13:05  Ghost  
  163  13:07  Marauder  
  163  13:09  Marine x2  
  165  13:16  Marine  
  165  13:17  Marine  
  165  13:18  Widow Mine x2  
  165  13:19  SCV x2  
  174  13:20  SCV  
  174  13:28  Marauder  
  170  13:39  Marine x2, Ghost x2  
  170  13:40  Marine x2  
  170  13:43  Planetary Fortress  
  170  13:44  Widow Mine  
  170  13:46  Widow Mine  
  170  13:47  Medivac x2  
  178  13:50  Marauder  
  174  14:07  Ghost  
  174  14:08  Marauder, Barracks  
  177  14:10  Barracks x2, Ghost  
  177  14:15  Marine x2  
  179  14:21  Widow Mine x2  
  179  14:22  Medivac  
  185  14:29  Ghost  
  187  14:36  Marine x4, Ghost  
  193  14:39  Marauder  
  193  14:41  SCV  
  196  14:48  Command Center  
  192  14:57  Barracks Reactor, Barracks Tech Lab x2  
  192  14:58  Marauder  
  194  15:03  Ghost  
  196  15:13  Marine x4, Ghost  
  195  15:19  Ghost  
  187  15:21  Marine  
  187  15:27  Missile Turret  
  178  15:31  Marine x3  
  178  15:33  Marauder, Missile Turret  
  178  15:34  SCV x3  
  185  15:40  Marine  
  185  15:42  Medivac x2  
  180  15:52  Widow Mine x2  
  151  16:07  Marine x2  
  151  16:08  Marauder  
  140  16:15  Marine x4  
  140  16:16  Marauder x2  
  132  16:28  Orbital Command  
  120  16:51  Orbital Command  
  120  16:59  Marauder, Marine  
  121  17:19  Missile Turret  
  123  17:22  Marine x2  
  123  17:23  Marauder x4, Marine x3, Orbital Command  
  120  17:32  Ghost  
  123  17:44  Marauder  
  123  18:01  Ghost  
  123  18:02  Marine x2, Ghost x2  
  123  18:03  Marauder, Marine x2  
  137  18:05  Marauder  
  137  18:19  Refinery x2, SCV x3  
  139  18:21  Refinery x2  
  139  18:31  SCV x2  
  139  18:32  Marine x2  
  139  18:33  Marauder x3, Marine x2  
  149  18:48  SCV x3  
  152  18:52  SCV  
  152  18:54  Viking  
  155  18:58  Viking  
  155  19:00  Marine  
  155  19:01  Marauder x2  
  130  19:18  Marauder, Marine x4  
  130  19:19  Marauder  
  102  19:24  Marine x2, Orbital Command  
  102  19:25  Marauder x2  
  109  19:40  Marauder x2  
  109  19:41  Widow Mine x2  
  108  19:47  Orbital Command  
  95  20:01  Marauder, Marine  
  65  21:23  Marauder, Marine  
  48  21:42  Marauder  
  48  22:26  Orbital Command  
  46  22:59  SCV  
  47  23:12  Marauder  
  47  23:13  SCV  
  48  23:20  Marauder  
  50  23:27  Marauder  
  50  23:31  Marine  
  53  23:38  Marauder, Marine  
  56  23:45  SCV  
  57  23:54  Marauder  
  59  23:56  Marine x2  
  63  24:03  Marauder  
  65  24:17  Marauder  
  64  24:25  SCV  
  65  24:33  Marauder  
  67  24:49  Marauder  
  68  24:54  Marine  
  69  25:06  Marauder  
  62  25:15  Marine  
  45  25:43  Marauder  
  45  25:47  SCV  
  46  26:05  Marauder  
  48  26:25  Marauder x2  
  50  26:34  Marauder  
  38  26:52  Orbital Command  
  38  27:27  SCV  
  39  27:39  SCV  
  40  27:50  Viking  
  41  28:28  SCV  
Show
View Real Time Build Order
Export as new Build Order

Classic Protoss 

Build Orders:  

Get SALT Encoding   

  12  0:00  Probe  
  13  0:12  Probe  
  14  0:17  Pylon  
  14  0:24  Probe (Chrono Boost)  
  15  0:36  Gateway, Probe (Chrono Boost)  
  16  0:44  Probe (Chrono Boost)  
  16  0:47  Assimilator  
  17  0:51  Probe  
  18  1:03  Probe  
  19  1:15  Probe  
  20  1:23  Cybernetics Core  
  20  1:28  Zealot  
  22  1:32  Pylon  
  22  1:39  Probe  
  23  1:41  Assimilator  
  23  1:51  Probe  
  24  1:57  Stalker (Chrono Boost)  
  24  2:00  Warp Gate  
  26  2:03  Probe  
  27  2:15  Probe  
  26  2:27  Stalker, Probe  
  29  2:37  Nexus  
  29  2:46  Pylon  
  29  2:57  Probe  
  30  3:04  Stalker  
  30  3:14  Probe (Chrono Boost)  
  30  3:21  Pylon  
  30  3:24  Gateway  
  30  3:26  Probe (Chrono Boost)  
  31  3:35  Probe (Chrono Boost)  
  31  3:40  Gateway, Probe  
  33  3:50  Stalker  
  33  3:54  Probe (Chrono Boost)  
  36  3:56  Probe (Chrono Boost)  
  37  4:05  Probe (Chrono Boost)  
  37  4:06  Probe (Chrono Boost)  
  39  4:10  Probe (Chrono Boost)  
  39  4:11  Probe (Chrono Boost)  
  41  4:19  Stalker x2  
  41  4:21  Probe  
  41  4:23  Probe  
  47  4:34  Stalker  
  49  4:39  Probe  
  49  4:43  Probe (Chrono Boost)  
  50  4:53  Probe (Chrono Boost)  
  50  4:55  Probe (Chrono Boost)  
  50  4:58  Adept x3  
  58  5:01  Pylon  
  58  5:03  Probe (Chrono Boost)  
  58  5:04  Probe (Chrono Boost)  
  60  5:08  Probe (Chrono Boost), Twilight Council  
  60  5:09  Probe  
  62  5:25  Nexus  
  62  5:31  Robotics Facility  
  60  5:45  Probe (Chrono Boost)  
  60  5:46  Probe (Chrono Boost)  
  60  5:47  Stalker x3  
  60  5:49  Charge (Chrono Boost)  
  58  5:57  Probe (Chrono Boost)  
  58  5:58  Probe (Chrono Boost)  
  58  6:00  Forge  
  60  6:06  Probe x2 (Chrono Boost)  
  60  6:07  Pylon  
  62  6:12  Probe x2  
  62  6:14  Zealot x2  
  62  6:15  Zealot  
  70  6:25  Pylon, Protoss Ground Weapons Level 1 (Chrono Boost)  
  70  6:26  Observer  
  70  6:27  Probe x2  
  73  6:37  Zealot x3  
  80  6:40  Probe x3  
  82  6:48  Observer  
  83  6:57  Stalker x2  
  83  6:58  Stalker  
  89  7:01  Probe x3  
  74  7:23  Zealot x3  
  74  7:25  Gateway  
  74  7:28  Gateway  
  74  7:29  Blink  
  80  7:36  Gateway  
  80  7:42  Gateway x2  
  80  7:47  Zealot, Stalker x2  
  80  7:51  Assimilator, Probe x2  
  86  7:52  Probe  
  86  7:53  Pylon  
  88  8:08  Warp Prism (Chrono Boost)  
  88  8:09  Zealot  
  88  8:11  Pylon  
  92  8:13  Zealot x2  
  92  8:17  Pylon  
  92  8:19  Protoss Ground Armor Level 1 (Chrono Boost)  
  96  8:22  Pylon  
  96  8:24  Zealot x2  
  100  8:29  Pylon  
  96  8:44  Zealot x8  
  96  8:48  Nexus  
  108  8:52  Pylon  
  108  9:00  Probe x3  
  98  9:06  Stalker x2  
  98  9:08  Stalker  
  98  9:09  Observer  
  105  9:10  Stalker  
  105  9:16  Probe x2  
  105  9:17  Probe  
  110  9:20  Stalker  
  110  9:21  Stalker  
  114  9:31  Robotics Bay  
  114  9:32  Probe x3  
  117  9:40  Pylon  
  117  9:44  Probe x3  
  120  9:52  Assimilator  
  119  9:55  Shield Battery  
  119  9:56  Probe x3  
  120  10:01  Protoss Ground Weapons Level 2 (Chrono Boost)  
  120  10:10  Zealot x7  
  120  10:13  Probe x4  
  138  10:15  Colossus (Chrono Boost)  
  144  10:29  Extended Thermal Lance  
  136  10:36  Zealot x7  
  117  10:56  Zealot x6  
  117  10:57  Zealot  
  123  10:59  Colossus (Chrono Boost)  
  129  11:08  Pylon  
  127  11:17  Zealot x6  
  127  11:18  Zealot  
  113  11:31  Robotics Facility  
  111  11:33  Probe x4  
  111  11:35  Assimilator  
  111  11:37  Shield Battery  
  111  11:39  Zealot  
  117  11:40  Zealot x5, Stalker  
  117  11:41  Colossus (Chrono Boost)  
  117  11:46  Gateway  
  135  11:47  Dark Shrine  
  135  11:56  Observer  
  135  12:01  Pylon, Zealot x2, Stalker x4  
  135  12:04  Photon Cannon  
  147  12:12  Assimilator  
  147  12:15  Nexus  
  147  12:21  Pylon  
  147  12:25  Stalker x4  
  147  12:28  Photon Cannon  
  155  12:35  Protoss Ground Weapons Level 3 (Chrono Boost)  
  151  12:47  Observer x2 (Chrono Boost)  
  145  12:52  Probe x4  
  143  13:04  Disruptor x2 (Chrono Boost)  
  142  13:10  Zealot x8  
  159  13:22  Pylon x2  
  159  13:24  Pylon  
  159  13:30  Zealot x3, Gateway  
  157  13:34  Zealot x2  
  157  13:35  Zealot x3, Gateway  
  167  13:51  Zealot x3  
  167  13:53  Disruptor x2  
  167  13:55  Zealot x4  
  179  14:18  Pylon  
  179  14:25  Pylon  
  179  14:28  Pylon  
  179  14:30  Pylon  
  173  14:31  Pylon  
  173  14:35  Zealot x2  
  173  14:36  Zealot  
  179  14:40  Disruptor (Chrono Boost)  
  184  14:47  Robotics Facility  
  184  14:49  Pylon  
  184  14:53  Zealot x5  
  184  14:56  Dark Templar x3  
  186  15:15  Zealot x2, Protoss Ground Armor Level 2  
  186  15:16  Zealot x3  
  182  15:32  Stalker x3  
  186  15:38  Disruptor x2  
  190  15:43  Nexus  
  190  15:46  Pylon  
  190  15:47  Zealot x2  
  190  15:48  Zealot x3  
  190  15:55  Zealot x3  
  180  16:08  Zealot x5  
  125  16:28  Observer  
  125  16:29  Zealot x5  
  124  16:38  Stalker  
  116  16:48  Observer x2  
  118  17:04  Stalker x2  
  118  17:06  Probe  
  118  17:07  Probe x2  
  125  17:12  Shield Battery, Sentry  
  125  17:13  Stalker x2  
  131  17:21  Disruptor x2 (Chrono Boost)  
  125  17:39  Zealot x6  
  137  17:50  Warp Prism (Chrono Boost), Disruptor (Chrono Boost)  
  142  18:07  Zealot x6  
  153  18:31  Disruptor x2 (Chrono Boost)  
  157  18:43  Stalker x6  
  157  18:45  Stalker  
  161  19:01  Nexus  
  161  19:08  Disruptor  
  127  19:25  Zealot x6  
  103  20:24  Observer  
  101  20:41  Disruptor (Chrono Boost)  
  104  20:46  Disruptor (Chrono Boost)  
  78  21:37  Zealot x4  
  78  21:38  Zealot x3  
  87  21:43  Disruptor (Chrono Boost)  
  59  22:45  Nexus  
  58  23:44  Observer  
  58  23:59  Observer x2  
  60  24:04  Observer  
  60  25:04  Sentry  
  13  28:27  Zealot  
Tags
 
Add a new tag
Caveats
  • Supply blocks, unpowered buildings, or Contaminate may cause inaccurate times.
  • Supply counts are checked every 10 seconds.